 Dungeon Crawl Stone Soup version 0.32-a0-422-g28b100f618 (webtiles) character file.

Game seed: 17551269602954230742

1052 lunkers the Slicer (level 8, -12/58 HPs)
             Began as a Coglin Brigand on Feb 21, 2024.
             Killed by an exploding adder (43 damage)
             ... ignited by their inner flame
             ... on level 5 of the Dungeon.
             The game lasted 00:05:16 (3667 turns).

lunkers the Slicer (Coglin Brigand)                 Turns: 3667, Time: 00:05:17

Health: -12/58     AC:  8    Str: 15    XL:     8   Next: 26%
Magic:  8/8        EV: 12    Int: 10    God:
Gold:   294        SH:  0    Dex: 15    Spells: 7/7 levels left

rFire   . . .        a - +2 dagger (spect) {Henutemipet}
rCold   . . .        r - +0 short sword (vamp) {Tae}
rNeg    . . .        h - +3 leather armour {Will+}
rPois   .            (no helmet)
rElec   .            c - +1 cloak
rCorr   .            (no gloves)
SInv    .            (no boots)
Will    +....        f - amulet of regeneration
Stlth   ++           (no ring)
HPRegen 1.09/turn    (no ring)
MPRegen 0.11/turn

%: no passive effects
@: no status effects
A: off-hand wielding, slow wielding, warmup strikes, legs shutdown
a: no special abilities


You were on level 5 of the Dungeon.
You visited 1 branch of the dungeon, and saw 6 of its levels.

You collected 294 gold pieces.

Inventory:

Hand Weapons
 a - a +2 spectral dagger (weapon) {Henutemipet}
 i - a +0 dagger {Wu}
 r - a +0 vampiric short sword (offhand) {Tae}
Missiles
 d - 18 poisoned darts
 e - 2 curare-tipped darts
Armour
 c - a +1 cloak (worn)
 h - a +3 leather armour of willpower (worn)
Jewellery
 f - an amulet of regeneration (around neck)
 w - an amulet of faith
Wands
 y - a wand of paralysis (7)
Scrolls
 l - 2 scrolls of poison
 p - 2 scrolls of amnesia
 u - a scroll of immolation
Potions
 b - 4 potions of brilliance
 g - a potion of cancellation
 j - a potion of curing
 m - a potion of mutation {unknown}
 n - a potion of haste {unknown}
 x - a potion of attraction {unknown}
 z - a potion of degeneration {unknown}
 A - a potion of enlightenment {unknown}


   Skills:
 + Level 3.0 Fighting
 + Level 8.2 Short Blades
 - Level 1.7 Throwing
 + Level 2.1 Dodging
 - Level 3.2 Stealth


You had 7 spell levels left.
You didn't know any spells.
Your spell library contained the following spells:

 Spells                   Type           Power      Damage    Failure   Level
 Sting                    Conj/Alch      0%         1d3       43%         1
 Mercury Vapours          Alch/Air       0%         N/A       56%         2
 Tukima's Dance           Hex            0%         N/A       80%         3
 Dimensional Bullseye     Hex/Tloc       0%         N/A       99%         4
 Iskenderun's Mystic Bla  Conj/Tloc      0%         2d3       99%         4
 Olgreb's Toxic Radiance  Alch           0%         N/A       99%         4
 Summon Forest            Summ/Tloc      0%         N/A       100%        5
 Summon Mana Viper        Hex/Summ       0%         N/A       100%        5
 Summon Cactus Giant      Summ           0%         N/A       100%        6


Dungeon Overview and Level Annotations

Branches:
Dungeon (6/15)
 Temple: D:4-7

Altars:
Ashenzari

Shops:
D:1 *   D:5 =[?[


Innate Abilities, Weirdness & Mutations

You can wield a second weapon in your off-hand.
It takes a long time for you to wield or remove held weapons.
Your first few attacks do less damage.
Attacking and casting redirects power from your legs.


Message History

There is a stone staircase leading up here.
As you read the scroll of identify, it crumbles to dust.
g - a potion of cancellation
As you read the scroll labelled PICLYZ IBEU, it crumbles to dust.
It is a scroll of enchant armour.
Your +0 cloak glows green for a moment.
The air fills with toxic fumes!
As you read the scroll labelled BAGIL TEYR, it crumbles to dust.
It was a scroll of poison.
As you read the scroll labelled TERAHOS URHERA, it crumbles to dust.
It is a scroll of amnesia.
You feel forgetful for a moment.
You climb upwards.
There is a stone staircase leading down here.
As you read the scroll labelled AQOL JEOCAGALU, it crumbles to dust.
Wisps of shadow whirl around you...
It was a scroll of summoning.
As you read the scroll labelled XAANNOBIES, it crumbles to dust.
It is a scroll of brand weapon.
Your +2 dagger {Henutemipet} acquires a faint afterimage.
a - a +2 spectral dagger (weapon)
{Henutemipet}
As you read the scroll labelled RAVVAOLYWA, it crumbles to dust.
You feel momentarily disoriented.
It was a scroll of revelation.
As you read the scroll labelled MUSOSH MISOJ, it crumbles to dust.
The creatures around you are filled with an inner flame!
It was a scroll of immolation.
As you read the scroll labelled PASHRY RIERGHAFO, it crumbles to dust.
Your body is wracked with pain!
* * * LOW HITPOINT WARNING * * *
Your adder convulses!
Flame seeps out of your adder.
Your orc convulses!
Flame seeps out of your orc.
It was a scroll of torment.
Your adder is engulfed in blazing flames.
Your adder's corpse dissolves into shadows!
Your adder explodes!
The fiery explosion engulfs your white imp!!!
Your white imp is burned terribly!
Your white imp dissolves into shadows!
The fiery explosion engulfs you!!!
Ouch! That really hurt!
You die...

#######.###
##############..........
#############..#####.###
#############.## #.#
#############.######.#
#######..............#
#######.###.############
#######.###............#
#######@○§.............#
########o§.#............
##########.##########...
########...........##...
########...........##...
########...........#####
########................
########.........)......
#.....................


You could see a friendly orc (summoned, inner flame).

Vanquished Creatures
  Menkaure (D:5)
  A black bear (D:4)
  2 ogres
  Blork the orc (D:5)
  2 scorpions (D:5)
  A howler monkey (D:5)
  2 bombardier beetles
  2 hounds (D:5)
  2 sleepcaps (D:5)
  Terence (D:2)
  3 iguanas (D:5)
  2 adders (D:4)
  A shadow imp (D:5)
  2 ufetubi (D:5)
  2 dart slugs
  A ribbon worm (D:4)
  2 orcs
  5 ball pythons
  3 bats (D:3)
  6 endoplasms
  4 giant cockroaches
  7 goblins
  3 hobgoblins
  10 jackals
  3 quokkas
  3 frilled lizards
  9 kobolds
  4 rats
85 creatures vanquished.

Notes
Turn   | Place    | Note
-------+----------+-------------------------------------------
     0 | D:1      | lunkers the Coglin Brigand began the quest for the Orb.
     0 | D:1      | Reached XP level 1. HP: 16/16 MP: 1/1
     2 | D:1      | Noticed a felid
     4 | D:1      | Noticed a demonspawn
     4 | D:1      | Noticed an armataur
     6 | D:1      | Noticed a dwarf
     6 | D:1      | Noticed a vine stalker
     8 | D:1      | Noticed a djinni
    10 | D:1      | Noticed an elf
    10 | D:1      | Noticed a demigod
    12 | D:1      | Noticed a formicid
    12 | D:1      | Noticed a tengu
    14 | D:1      | Noticed a barachi
    14 | D:1      | Noticed a draconian
    16 | D:1      | Noticed an octopode
    16 | D:1      | Noticed a ghoul
    18 | D:1      | Noticed a minotaur
    20 | D:1      | Noticed a naga
    22 | D:1      | Noticed a troll
    22 | D:1      | Noticed a merfolk
    24 | D:1      | Noticed an oni
    24 | D:1      | Noticed a vampire
    26 | D:1      | Noticed a spriggan
    26 | D:1      | Noticed a gargoyle
    28 | D:1      | Noticed a human
    57 | D:1      | Reached skill level 2 in Short Blades
   167 | D:1      | Reached XP level 2. HP: 22/22 MP: 2/2
   300 | D:1      | Reached skill level 3 in Short Blades
   301 | D:1      | Reached XP level 3. HP: 27/27 MP: 3/3
   356 | D:1      | Found Qap Tecu's Assorted Antiques.
  1018 | D:2      | Found a faded altar of an unknown god.
  1025 | D:2      | Noticed Terence
  1038 | D:2      | Killed Terence
  1039 | D:2      | Reached skill level 4 in Short Blades
  1039 | D:2      | Reached XP level 4. HP: 32/33 MP: 4/4
  1315 | D:3      | Noticed an ogre
  1323 | D:3      | Killed an ogre
  1324 | D:3      | Reached skill level 5 in Short Blades
  1324 | D:3      | Reached XP level 5. HP: 38/38 MP: 5/5
  1363 | D:3      | Found a broken altar of Ashenzari.
  1522 | D:3      | Reached XP level 6. HP: 26/44 MP: 6/6
  2152 | D:4      | Noticed a black bear
  2170 | D:4      | Killed a black bear
  2171 | D:4      | Reached skill level 6 in Short Blades
  2526 | D:5      | Entered Level 5 of the Dungeon
  2529 | D:5      | Reached XP level 7. HP: 50/50 MP: 7/7
  2559 | D:5      | Reached skill level 7 in Short Blades
  2699 | D:5      | Noticed Menkaure
  2728 | D:5      | Killed Menkaure
  2729 | D:5      | Reached skill level 8 in Short Blades
  2784 | D:5      | Noticed Blork the orc
  2791 | D:5      | Killed Blork the orc
  2792 | D:5      | Reached skill level 1 in Dodging
  2792 | D:5      | Reached XP level 8. HP: 56/56 MP: 8/8
  3039 | D:5      | Found Qeamebeihe's Armour Shop.
  3041 | D:5      | Found Latanen's Armour Shop.
  3042 | D:5      | Found Kegour's Jewellery Shop.
  3043 | D:5      | Found Mebeseze's Magic Scroll Shop.
  3667 | D:5      | Killed by an exploding adder... ignited by their inner
                  | flame

Illustrated notes

Levels and vault maps discovered:
D:1:      kb_arrival_jail, layout_rooms, serial_shops,
          nicolae_shop_real_fake_doors, minmay_misc_feat_roman
D:2:      layout_loops_corners, ebering_ecumenical_altar_mist, uniq_terence
D:3:      layout_loops_ring, cheibrodos_ashenzari_chains, serial_bayou_lake_a
D:4:      layout_rooms
D:5:      layout_basic, hex_intersection, minmay_shop_grid_forest,
          uniq_menkaure, uniq_blork_the_orc
D:6:      layout_basic, hex_intersection, uniq_pikel

Skill      XL: |  1  2  3  4  5  6  7  8 |
---------------+-------------------------+-----
Short Blades   | 2 3 4 5 6 8 |  8.2
Dodging        | 1 2 |  2.1
Fighting       | 3 |  3.0
Throwing       | |  1.7
Stealth        | |  3.2

Action                     |  1- 3 |  4- 6 |  7- 9 || total
---------------------------+-------+-------+-------++-------
  Melee: Dagger            |   120 |   226 |   105 ||   451
         Short sword       |       |     9 |   103 ||   112
  Throw: Dart              |     1 |     2 |       ||     3
    Use: Scroll            |       |       |    12 ||    12
         Potion            |       |       |     2 ||     2
   Stab: Sleeping          |     3 |     2 |     5 ||    10
         Distracted        |     1 |       |       ||     1
 Armour: Leather armour    |    32 |    62 |    44 ||   138
  Dodge: Dodged            |    33 |    67 |    30 ||   130

Table legend: (Time is in decaauts)
 A = Elapsed time spent in this place.
 B = Non-inter-level travel time spent in this place.
 C = Inter-level travel time spent in this place.
 D = Time resting spent in this place.
 E = Time spent auto-exploring this place.
 F = Levels seen in this place.
 G = Mean time per level.
                   A        B        C        D        E       F      G
               +--------+--------+--------+--------+--------+-----+--------+
         Total |   3602 |   3509 |     93 |      0 |   2820 |   6 |  600.3 |
       Dungeon |   3602 |   3509 |     93 |      0 |   2820 |   6 |  600.3 |
               +--------+--------+--------+--------+--------+-----+--------+

Top non-repeatable levels by time:
     D:5: 1092 daAuts
     D:2: 788 daAuts
     D:3: 715 daAuts
     D:1: 514 daAuts
     D:4: 486 daAuts
     D:6: 5 daAuts
